 Dungeon Crawl Stone Soup version 0.17-a0-2064-g265a032 (webtiles) character file.

563 CuntPokingMan the Frost Mage (level 7, 17/50 HPs)
             Began as a Pale Draconian Ice Elementalist on Oct 13, 2015.
             Quit the game on level 4 of the Dungeon.
             The game lasted 00:10:34 (4967 turns).

CuntPokingMan the Frost Mage (DrIE)                 Turns: 4967, Time: 00:10:34

Health: 17/50      AC:  8    Str: 15    XL:     7   Next: 10%
Magic:  6/10       EV: 12    Int: 18    God:
Gold:   327        SH:  0    Dex: 11    Spells: 2 memorised, 5 levels left

rFire  . . .     SeeInvis .     e - +4 mace
rCold  . . .     Clarity  .     (armour unavailable)
rNeg   . . .     SustAt   .     (no shield)
rPois  .         Gourm    .     (helmet restricted)
rElec  .         Spirit   .     (no cloak)
rCorr  .         Warding  .     r - +0 pair of gloves
rMut   .         Stasis   .     n - +0 pair of boots
MR     +....                    (no amulet)
Stlth  ++........               o - ring of protection from magic
                                f - ring of wizardry

@: mighty, mildly poisoned (17 -> 13), somewhat resistant to hostile
enchantments, unstealthy
A: breathe steam, unfitting armour, cold-blooded, AC +6
a: Breathe Steam


You were on level 4 of the Dungeon.
You were very hungry.

You visited 1 branch of the dungeon, and saw 4 of its levels.

You collected 327 gold pieces.

Inventory:

Hand Weapons
 e - a +4 mace (weapon)
Missiles
 m - 5 tomahawks (quivered)
Armour
 n - a +0 pair of boots (worn)
 r - a +0 pair of gloves (worn)
Jewellery
 f - a ring of wizardry (left hand)
 o - a ring of protection from magic (right hand)
Wands
 u - a wand of confusion (24)
Scrolls
 c - 2 scrolls of remove curse {unknown}
 h - a scroll of teleportation
 s - a scroll of recharging {unknown}
 t - a scroll of amnesia {unknown}
Potions
 d - a potion of flight
 g - a potion of curing
 i - a potion of cure mutation
 w - 2 potions of heal wounds
Books
 a - a book of Frost

   Spells                             Type                      Level
   a - Freeze                         Ice                          1
   b - Throw Frost                    Conjuration/Ice              2
   c - Ozocubu's Armour               Charms/Ice                   3
   d - Throw Icicle                   Conjuration/Ice              4
   e - Summon Ice Beast               Ice/Summoning                4
   f - Condensation Shield            Ice                          4
 p - a book of Enchantments

   Spells                             Type                      Level
   a - Cause Fear                     Hexes                        4
   b - Silence                        Hexes/Air                    5
   c - Deflect Missiles               Charms/Air                   6
   d - Haste                          Charms                       6
   e - Discord                        Hexes                        8
Comestibles
 b - 3 bread rations
 j - 2 fruits


   Skills:
 - Level 1.8 Dodging
 - Level 1.7 Stealth
 - Level 2.0 Spellcasting
   Level 1.0 Conjurations
 + Level 8.2 Ice Magic


You had 5 spell levels left.
You knew the following spells:

 Your Spells              Type           Power        Failure   Level  Hunger
a - Freeze                Ice            ####         1%          1    #......
b - Summon Ice Beast      Ice/Summ       ###.....     14%         4    #####..


Dungeon Overview and Level Annotations

Branches:
Dungeon (4/15)
 Temple: D:4-7

Altars:
Elyvilon
Gozag
Trog


Innate Abilities, Weirdness & Mutations

You can breathe blasts of scalding, opaque steam.
Your pale cyan-grey scales are hard (AC +6).
Your body does not fit into most forms of armour.
You are cold-blooded and may be slowed by cold attacks.


Message History

You feel sick. The killer bee closely misses you.
The killer bee barely misses you.
You sock the killer bee!
You kill the killer bee!
Your Ice Magic skill increases to level 8!
You have reached level 7!
Your scales start taking on a pale cyan-grey colour.
You feel sick.
Use which ability?
Okay, then.
You feel sick.
You feel sick.
You see here 25 stones.
You feel sick.
You feel sick.
h - a scroll of teleportation You feel sick.
Are you sure you want to abandon this character and quit the game? (Confirm with "yes".)
Okay, then.
Are you sure you want to abandon this character and quit the game? (Confirm with "yes".)

#.# #..... #.# #.#
#.#### #.# #.# #.#
##.#####.#####[###
#................#
#..#####.#####.#.##
#..# #..........#
#..# #######.....
#.@####### #.#...
#......<.# #.####
#.(#####.# #.# #.
#..# ##.## #.# #.
#..####...## #.# #.
#...†...... ..# #.
#.#####...# ### #.
#.# #.#########.
#.######...........


There were no monsters in sight!

Vanquished Creatures
  An ice beast (D:4)
  A scorpion (D:4)
  5 killer bees (D:4)
  2 hounds (D:4)
  Ijyb (D:2)
  A hound skeleton (D:4)
  5 adders
  3 worms (D:2)
  An orc (D:3)
  5 hobgoblins
  7 jackals
  5 quokkas
  2 ball pythons
  3 bats
  2 giant cockroaches
  3 giant newts
  2 goblins
  A jackal skeleton (D:4)
  5 kobolds
  4 rats
59 creatures vanquished.

Notes
Turn   | Place    | Note
--------------------------------------------------------------
     0 | D:1      | CuntPokingMan the Draconian Ice Elementalist began the quest for the Orb.
     0 | D:1      | Reached XP level 1. HP: 14/14 MP: 3/3
   741 | D:1      | Reached XP level 2. HP: 20/20 MP: 5/5
   892 | D:2      | Found a bloodstained altar of Trog.
   900 | D:2      | HP: 1/20 [quokka (1)]
  1768 | D:2      | Reached skill level 4 in Ice Magic
  2042 | D:2      | Noticed Ijyb
  2052 | D:2      | Killed Ijyb
  2052 | D:2      | Reached XP level 3. HP: 14/26 MP: 0/6
  2767 | D:3      | Reached XP level 4. HP: 33/33 MP: 7/7
  2821 | D:3      | Reached skill level 5 in Ice Magic
  2861 | D:3      | Found a white marble altar of Elyvilon.
  3626 | D:4      | Reached XP level 5. HP: 33/38 MP: 4/8
  3698 | D:4      | Reached skill level 6 in Ice Magic
  3858 | D:4      | Noticed an ice beast
  3868 | D:4      | Learned a level 4 spell: Summon Ice Beast
  4057 | D:4      | Killed an ice beast
  4144 | D:4      | Reached XP level 6. HP: 26/45 MP: 9/9
  4316 | D:4      | Reached skill level 7 in Ice Magic
  4541 | D:4      | Found an opulent altar of Gozag.
  4960 | D:4      | Reached skill level 8 in Ice Magic
  4960 | D:4      | Your scales start taking on a pale cyan-grey colour.
  4960 | D:4      | Reached XP level 7. HP: 22/50 MP: 5/10
  4967 | D:4      | Quit the game

Vault maps used:
D:1:      dpeg_arrival_simpleton_a, minmay_misc_feat_nine_boxes,
          minmay_misc_feat_four_crosses
D:2:      old_standard_altar, first_bread, uniq_iyjb
D:3:      nicolae_overflow_crystal_walls
D:4:      nicolae_gozag_cash_rules_everything_around_me

Action                   |  1- 3 |  4- 6 |  7- 9 || total
-------------------------+-------+-------+-------++-------
Melee: Mace              |    69 |   137 |       ||   206
Throw: Tomahawk          |       |     4 |       ||     4
 Cast: Freeze            |    19 |     5 |       ||    24
       Summon Ice Beast  |       |     4 |       ||     4
  Use: Scroll            |     5 |     6 |       ||    11
       Potion            |     1 |     9 |       ||    10
 Stab: Sleeping          |     5 |     2 |       ||     7
       Distracted        |     1 |       |       ||     1
       Invisible         |       |     2 |       ||     2
  Eat: Chunk             |     3 |     1 |       ||     4
       Meat ration       |     1 |       |       ||     1
       Pizza             |       |     1 |       ||     1
       Beef jerky        |       |     2 |       ||     2
